 Dungeon Crawl Stone Soup version 0.18-a0-1574-g3f9d221 (webtiles) character file.

2054 Gottschkopf the Nimble (level 9, -1/79 (80) HPs)
             Began as a Troll Berserker on Mar 16, 2016.
             Was an Elder of Trog.
             Succumbed to a killer bee's poison
             ... on level 5 of the Dungeon.
             The game lasted 00:10:33 (3186 turns).

Gottschkopf the Nimble (Troll Berserker)            Turns: 3186, Time: 00:10:34

HP:   -1/79 (80)    AC:  6    Str: 28    XL:     9   Next: 5%
MP:   8/8           EV: 13    Int:  3    God:    Trog [****..]
Gold: 220           SH:  0    Dex: 11    Spells: 0 memorised, 8 levels left

rFire  . . .     SeeInvis .       - Unarmed
rCold  . . .     Gourm    +     a - +0 animal skin
rNeg   . . .     Faith    .     (no shield)
rPois  .         Spirit   .     (helmet restricted)
rElec  .         Dismiss  .     j - +0 cloak
rCorr  .         Reflect  .     (gloves unavailable)
SustAt .         Harm     .     (boots unavailable)
MR     .....                    (no amulet)
Stlth  +.........               (no ring)
                                (no ring)

@: lethally poisoned (-1 -> -33), not resistant to hostile enchantments, very
unstealthy
A: unfitting armour, claws 3, fast metabolism 3, gourmand, regeneration 2,
shaggy fur 1, tough skin 2
a: Berserk, Trog's Hand, Brothers in Arms, Burn Spellbooks, Renounce Religion


You were on level 5 of the Dungeon.
You worshipped Trog.
Trog was greatly pleased with you.
You were completely stuffed.

You visited 1 branch of the dungeon, and saw 5 of its levels.
You also visited: Sewer.

You collected 220 gold pieces.

Inventory:

Armour
 a - a +0 animal skin (worn)
 j - a +0 cloak (worn)
Jewellery
 y - an uncursed ring of poison resistance {unknown}
Wands
 q - a wand of disintegration (12/24)
 u - a wand of slowing (26/48)
Scrolls
 d - 3 scrolls of remove curse {unknown}
 e - 7 scrolls of teleportation {unknown}
 h - 4 scrolls of identify {unknown}
 k - a scroll of immolation {unknown}
 l - 2 scrolls of enchant armour {unknown}
 o - 4 scrolls of magic mapping {unknown}
 s - 4 scrolls of fear {unknown}
 w - a scroll of noise {unknown}
 C - a scroll of silence {unknown}
Potions
 f - a potion of ambrosia {unknown}
 g - 3 potions of brilliance {unknown}
 i - a potion of haste {unknown}
 m - 5 potions of curing {unknown}
 n - 3 potions of might {unknown}
 p - 2 potions of magic {unknown}
 t - 7 potions of heal wounds {unknown}
 v - 2 potions of agility {unknown}
 x - 2 potions of flight {unknown}
 A - a potion of degeneration {unknown}
Books
 r - a book of Alchemy

   Spells                             Type                      Level
   a - Sublimation of Blood           Necromancy                   2
   b - Ignite Poison                  Fire/Transmutation/Poison    3
   c - Petrify                        Transmutation/Earth          4
   d - Alistair's Intoxication        Transmutation/Poison         5
   e - Irradiate                      Conjuration/Transmutation    5
   Trog disapproves of the use of such an item.
Comestibles
 b - 7 bread rations
 c - 4 beef jerkies
 z - a royal jelly
 B - 4 chunks of flesh


   Skills:
 - Level 2.4 Fighting
 * Level 8.2 Dodging
 * Level 8.0 Unarmed Combat


You had 8 spell levels left.
You didn't know any spells.

Dungeon Overview and Level Annotations

Branches:
Dungeon (5/15)             Temple (0/1) D:4

Altars:


Innate Abilities, Weirdness & Mutations

You are too large for most types of armour.
You have claws for hands.
Your metabolism is lightning-fast.
You like to eat raw meat.
You heal very quickly.
You are covered in fur (AC +1).
You have very tough skin (AC +2).


Message History

The killer bee stings you but does no damage.
The killer bee closely misses you. x2; The killer bee barely misses you.
You miss the killer bee.
* * * LOW HITPOINT WARNING * * *
You feel very sick. The killer bee stings you!
* * * LOW HITPOINT WARNING * * *
You are more poisoned.
The killer bee poisons you! The killer bee stings you.
* * * LOW HITPOINT WARNING * * *
The killer bee stings you.
* * * LOW HITPOINT WARNING * * *
You are more poisoned.
The killer bee poisons you! The killer bee stings you.
* * * LOW HITPOINT WARNING * * *
The killer bee misses you. The killer bee barely misses you.
The killer bee closely misses you. The killer bee misses you. x2
You claw the killer bee!
The killer bee is severely wounded.
You die...

.#> #.# .. #.# #.###.
#.# ..... #.# ##...##
###.# ##....=## ##.#.#
##......=##
#######....###.yyy.....#
.............'.y@y.....+
#.#####....###.........#
####...####.......##
#.......# ##.....##
#.###..## ##...## #.#
#.## #+## ..###.###.#
#.# ..........# #.#
.####.##### ##.##


You could see 5 killer bees.

Vanquished Creatures
  The ghost of trgk the Carver, a novice MiFi (D:5)
  Edmund (D:5)
  2 ice beasts
  A sky beast (D:5)
  A necrophage (D:5)
  A black bear (D:5)
  2 phantoms
  A big kobold (Sewer)
  A scorpion (D:5)
  A killer bee (D:5)
  2 howler monkeys (D:5)
  A crimson imp (D:4)
  A centaur zombie (D:5)
  A quasit (D:5)
  A giant frog zombie (D:5)
  2 hounds (D:4)
  An orc priest (D:5)
  A giant frog skeleton (D:4)
  3 iguanas
  2 orc wizards
  4 worker ants (D:5)
  2 hound zombies (D:5)
  3 gnolls (D:3)
  10 adders
  3 river rats (Sewer)
  A shadow imp (D:5)
  A worm (D:4)
  A dart slug (D:2)
  5 giant geckos
  10 orcs
  6 ball pythons (Sewer)
  9 bats
  4 giant cockroaches
  5 goblins
  4 hobgoblins
  3 jackals (D:4)
  21 kobolds
  3 giant newts
  28 rats
150 creatures vanquished.

Notes
Turn   | Place    | Note
--------------------------------------------------------------
     0 | D:1      | Gottschkopf the Troll Berserker began the quest for the Orb.
     0 | D:1      | Reached XP level 1. HP: 22/22 MP: 0/0
   292 | D:1      | Reached XP level 2. HP: 21/29 MP: 1/1
   514 | D:2      | Reached XP level 3. HP: 27/36 MP: 2/2
   552 | D:2      | Reached ** piety under Trog
   964 | D:3      | Reached XP level 4. HP: 42/44 MP: 3/3
  1308 | D:3      | Noticed an ice beast
  1321 | D:3      | Killed an ice beast
  1321 | D:3      | Reached skill level 5 in Unarmed Combat
  1321 | D:3      | Reached XP level 5. HP: 30/50 MP: 4/4
  1446 | D:4      | Reached XP level 6. HP: 41/59 MP: 5/5
  1600 | D:4      | Found a staircase to the Ecumenical Temple.
  1669 | D:4      | Reached *** piety under Trog
  1695 | D:4      | Found a glowing drain.
  1703 | Sewer    | Entered a sewer
  1829 | Sewer    | Reached skill level 5 in Dodging
  1886 | Sewer    | Reached **** piety under Trog
  2296 | D:4      | Reached XP level 7. HP: 60/66 MP: 6/6
  2424 | D:5      | Entered Level 5 of the Dungeon
  2654 | D:5      | Reached XP level 8. HP: 29/74 MP: 7/7
  2859 | D:5      | Reached ***** piety under Trog
  2955 | D:5      | Noticed trgk's ghost (novice MiFi)
  2972 | D:5      | Killed trgk's ghost
  3090 | D:5      | Noticed Edmund
  3100 | D:5      | Killed Edmund
  3100 | D:5      | Reached XP level 9. HP: 69/79 MP: 8/8
  3185 | D:5      | HP: 2/79 [killer bee (4)]
  3186 | D:5      | Succumbed to a killer bee's poison

Vault maps used:
D:1:      lightli_arrival_chessboard, st_stairs_13
D:3:      gammafunk_temple_overflow_elements
D:4:      minmay_temple_entry_purple_smoke, gup_sewer_entry_bubbles,
          kennysheep_generic_room_9
D:5:      kennysheep_windowed_halls, first_bread, uniq_edmund
Sewer:    sewer_minmay_treatment

Skill      XL: |  1  2  3  4  5  6  7  8 |
---------------+-------------------------+-----
Unarmed Combat | 4 5 6 8 |  8.0
Dodging        | 3 4 5 6 8 |  8.2
Fighting       | |  2.4

Action                   |  1- 3 |  4- 6 |  7- 9 || total
-------------------------+-------+-------+-------++-------
Melee: Unarmed           |    76 |   194 |   154 ||   424
  Eat: Chunk             |    14 |    12 |     9 ||    35
